 Dungeon Crawl Stone Soup version 0.31-a0-1181-g57eb4e83fd (webtiles) character file.

Game seed: 2938561859527320367

1379 qw the Skirmisher (level 8, 0/51 HPs)
             Began as a Gargoyle Hunter on Dec 11, 2023.
             Killed by divine providence
             ... invoked by an orc priest
              (17 damage)
             ... on level 5 of the Dungeon.
             The game lasted 00:01:36 (4290 turns).

qw the Skirmisher (Gargoyle Hunter)                 Turns: 4290, Time: 00:01:36

Health: 0/51       AC: 12    Str: 14    XL:     8   Next: 66%
Magic:  8/8        EV: 11    Int: 11    God:
Gold:   223        SH:  0    Dex: 15    Spells: 7/7 levels left

rFire   . . .        a - +5 shortbow
rCold   + . .        (shield currently unavailable)
rNeg    + . .        e - +0 ring mail
rPois   inf          (no helmet)
rElec   +            (no cloak)
rCorr   .            (no gloves)
SInv    .            d - +0 pair of boots
Will    .....        (no amulet)
Stlth   +            n - ring of protection from cold
HPRegen 0.28/turn    (no ring)
MPRegen 0.11/turn

%: no passive effects
@: no status effects
A: sickness immunity, AC +5, negative energy resistance 1, electricity
resistance, torment resistance 1, petrification resistance
a: no special abilities


You were on level 5 of the Dungeon.
You visited 1 branch of the dungeon, and saw 5 of its levels.

You collected 223 gold pieces.


Innate Abilities, Weirdness & Mutations

You are immune to sickness and miasma.
Your stone body is resilient. (AC +5)
You are immune to poison.
You resist negative energy. (rN+)
You are resistant to electric shocks. (rElec)
You are resistant to unholy torment.
You are immune to petrification.


   Skills:
 - Level 6.0 Fighting
 + Level 9.5 Ranged Weapons
 - Level 2.1 Armour
 - Level 2.0 Dodging
 - Level 1.1 Stealth


You had 7 spell levels left.
You didn't know any spells.
Your spell library was empty.

Inventory:

Hand Weapons
 a - a +5 shortbow (weapon)
Armour
 d - a +0 pair of boots (worn)
 e - a +0 ring mail (worn)
 i - a +0 robe of cold resistance
Jewellery
 n - a ring of protection from cold (left hand)
Wands
 c - a wand of quicksilver (9)
 m - a wand of polymorph (3)
Scrolls
 g - a scroll of teleportation
 j - 2 scrolls of identify
Potions
 b - a potion of curing
 f - a potion of attraction {unknown}
 h - a potion of degeneration {unknown}
 l - a potion of heal wounds
 o - a potion of magic {unknown}

Dungeon Overview and Level Annotations

Branches:
Dungeon (5/15)
 Temple: D:4-7

Altars:


Message History

The orc wizard hits you with a +0 dagger.
The ice beast barely misses you.
You shoot an arrow. The arrow hits the orc wizard!
You kill the orc wizard!
The ice beast hits you but does no damage.
The orc priest calls upon Beogh to heal the orc.
The orc's wounds heal themselves!
You shoot an arrow. The arrow closely misses the ice beast.
The ice beast hits you but does no damage.
The orc hits you but does no damage.
You shoot an arrow. The arrow hits the ice beast!
The ice beast is moderately wounded.
The ice beast hits you. The ice beast freezes you. You resist.
The orc hits you but does no damage.
You shoot an arrow. The arrow barely misses the ice beast.
The ice beast hits you but does no damage.
The orc hits you but does no damage.
You shoot an arrow. The arrow hits the ice beast!
The ice beast is severely wounded.
The ice beast hits you but does no damage.
The orc closely misses you.
You shoot an arrow. The arrow hits the ice beast.
The ice beast is almost dead.
The ice beast barely misses you. The orc closely misses you.
You shoot an arrow. The arrow closely misses the ice beast.
The ice beast hits you but does no damage.
The orc barely misses you.
You shoot an arrow.
The arrow hits the ice beast but does no damage.
The ice beast is almost dead.
The ice beast hits you but does no damage.
The orc barely misses you.
You shoot an arrow. The arrow hits the ice beast.
You kill the ice beast!
The orc completely misses you.
You shoot an arrow. The arrow hits the orc!
You kill the orc!
The orc priest calls down the wrath of Beogh upon you.
Beogh smites you!
You die...

.# ..# . ##...## .# # .##..###
##. #.. ....... o. .... #.
#.....## .#..# #.
#......##).#.#..
#.###..##...@)..)...
#...........####?... #.
#............# .
#..#..........#........
#............###!.............
###..........# ..... .....#..
#..........####.... .........
#....[..........### #.....#.
#..........#....# #......


You could see an orc priest.

Vanquished Creatures
  Sigmund (D:2)
  A steam dragon (D:4)
  An ice beast (D:5)
  A black bear (D:4)
  A phantom (D:4)
  3 scorpions
  A howler monkey (D:4)
  A jelly (D:4)
  A hound (D:4)
  3 orc priests
  2 iguanas (D:4)
  Natasha (twice) (D:2)
  4 orc wizards
  Terence (D:3)
  4 gnolls (D:2)
  10 adders
  A white imp (D:5)
  2 ufetubi (D:4)
  4 dart slugs
  10 orcs
  4 ball pythons
  8 endoplasms
  5 giant cockroaches
  5 goblins
  7 hobgoblins
  4 kobolds
  3 quokkas
  4 bats
  5 frilled lizards
  2 rats
101 creatures vanquished.

Notes
Turn   | Place    | Note
-------+----------+-------------------------------------------
     0 | D:1      | qw the Gargoyle Hunter began the quest for the Orb.
     0 | D:1      | Reached XP level 1. HP: 12/12 MP: 1/1
     0 | D:1      | 0 ||| qw: Version: 0.3-a-106-g2cfff9e
     0 | D:1      | 0 ||| qw: Game counter: 2073
     0 | D:1      | 0 ||| qw: Melee chars always use a shield: true
     0 | D:1      | 0 ||| qw: God list: Okawaru
     0 | D:1      | 0 ||| qw: Allow faded altars: false
     0 | D:1      | 0 ||| qw: Do Orc after clearing Dungeon:15 true
     0 | D:1      | 0 ||| qw: Do second Lair branch before Depths: true
     0 | D:1      | 0 ||| qw: Lair rune preference: random
     0 | D:1      | 0 ||| qw: Goals: Normal, Save, Zot:1-4, Win
     0 | D:1      | 0 ||| PLANNING D:1-11
   324 | D:1      | Reached XP level 2. HP: 17/17 MP: 2/2
   705 | D:1      | 705 ||| UPGRADING to +0 pair of boots.
   710 | D:1      | 710 ||| UPGRADING to +0 ring mail.
   720 | D:1      | 720 ||| DROPPING +0 leather armour.
   721 | D:1      | 721 ||| READING 2 scrolls labelled DAFADAE TOPS.
   724 | D:1      | 724 ||| READING scroll labelled FEPHIU TUGOIM.
   825 | D:1      | 825 ||| DROPPING scroll of butterflies.
   848 | D:2      | Noticed Natasha
   856 | D:2      | Killed Natasha
   857 | D:2      | Reached XP level 3. HP: 10/21 MP: 3/3
  1005 | D:2      | 1005 ||| RETREEAATING.
  1007 | D:2      | 1007 ||| RETREEAATING.
  1009 | D:2      | 1009 ||| RETREEAATING.
  1017 | D:2      | Reached skill level 5 in Ranged Weapons
  1017 | D:2      | Reached XP level 4. HP: 25/26 MP: 4/4
  1022 | D:2      | HP: 5/27 [gnoll/+0 halberd (12)]
  1023 | D:2      | 1023 ||| READING scroll of teleportation.
  1024 | D:2      | 1024 ||| DRINKING dark potion.
  1027 | D:2      | Reached skill level 3 in Fighting
  1269 | D:2      | Noticed a scorpion
  1278 | D:2      | Killed a scorpion
  1279 | D:2      | Reached XP level 5. HP: 32/32 MP: 5/5
  1348 | D:2      | Noticed Natasha
  1352 | D:2      | Killed Natasha
  1353 | D:2      | Reached skill level 6 in Ranged Weapons
  1625 | D:2      | Reached XP level 6. HP: 37/37 MP: 6/6
  1841 | D:2      | Noticed Sigmund
  1857 | D:2      | Killed Sigmund
  1899 | D:2      | 1899 ||| UPGRADING to +0 robe of cold resistance.
  1909 | D:2      | 1909 ||| READING 2 scrolls labelled GITSIZ MUTEEPS.
  1909 | D:2      | 1909 ||| IDENTIFYING scroll labelled SEK UB QE SUKLO
  1910 | D:2      | 1910 ||| READING scroll of identify.
  1910 | D:2      | 1910 ||| IDENTIFYING scroll labelled QOGUZ LYVUGIYR
  1911 | D:2      | 1911 ||| READING 3 scrolls labelled XOISEFFU REQO.
  1911 | D:2      | 1911 ||| ENCHANTING +0 shortbow.
  1912 | D:2      | 1912 ||| READING 2 scrolls of enchant weapon.
  1912 | D:2      | 1912 ||| ENCHANTING +1 shortbow.
  1913 | D:2      | 1913 ||| READING scroll of enchant weapon.
  1913 | D:2      | 1913 ||| ENCHANTING +2 shortbow.
  1914 | D:2      | 1914 ||| DROPPING scroll of summoning.
  1915 | D:2      | 1915 ||| DROPPING scroll of blinking.
  1963 | D:3      | Found a faded altar of an unknown god.
  2207 | D:3      | Noticed Terence
  2217 | D:3      | Killed Terence
  2305 | D:3      | Reached XP level 7. HP: 44/44 MP: 7/7
  2715 | D:3      | 2715 ||| READING scroll of identify.
  2715 | D:3      | 2715 ||| IDENTIFYING brown potion
  2716 | D:3      | 2716 ||| READING scroll labelled WELAOS QOUBRUB.
  2748 | D:3      | 2748 ||| DROPPING potion of brilliance.
  2910 | D:4      | Reached skill level 7 in Ranged Weapons
  3023 | D:4      | HP: 10/44 [orc/+0 flail (3)]
  3024 | D:4      | 3024 ||| READING 2 scrolls of teleportation.
  3024 | D:4      | HP: 4/44 [scorpion (5)]
  3025 | D:4      | 3025 ||| DRINKING potion of heal wounds.
  3243 | D:4      | Reached skill level 8 in Ranged Weapons
  3537 | D:4      | Reached XP level 8. HP: 49/49 MP: 8/8
  3889 | D:4      | 3889 ||| UPGRADING to ring of protection from cold.
  3890 | D:4      | 3890 ||| UPGRADING to +0 ring mail.
  3900 | D:4      | 3900 ||| READING scroll of identify.
  3900 | D:4      | 3900 ||| IDENTIFYING sedimented amethyst potion
  3901 | D:4      | 3901 ||| READING 3 scrolls labelled ALOFIU QAROR.
  3902 | D:4      | 3902 ||| READING scroll labelled IFEYGA WUONAO.
  3903 | D:4      | 3903 ||| DROPPING 2 scrolls of noise.
  3927 | D:5      | Entered Level 5 of the Dungeon
  3929 | D:5      | 3929 ||| STAIRDANCE
  3938 | D:4      | Reached skill level 9 in Ranged Weapons
  3938 | D:4      | 3938 ||| Stepping ~*~*~tactically~*~*~ (cloud).
  3940 | D:4      | 3940 ||| Stepping ~*~*~tactically~*~*~ (cloud).
  3941 | D:4      | 3941 ||| Stepping ~*~*~tactically~*~*~ (cloud).
  4042 | D:5      | 4042 ||| STAIRDANCE
  4087 | D:5      | 4087 ||| STAIRDANCE
  4219 | D:5      | 4219 ||| READING scroll of enchant weapon.
  4219 | D:5      | 4219 ||| ENCHANTING +3 shortbow.
  4256 | D:5      | 4256 ||| READING scroll of enchant weapon.
  4256 | D:5      | 4256 ||| ENCHANTING +4 shortbow.
  4270 | D:5      | Reached skill level 6 in Fighting
  4271 | D:5      | 4271 ||| Stepping ~*~*~tactically~*~*~ (retreating).
  4272 | D:5      | 4272 ||| Stepping ~*~*~tactically~*~*~ (retreating).
  4290 | D:5      | Killed from afar by an orc priest

Levels and vault maps discovered:
D:1:      dpeg_arrival_radiant, layout_basic, nrook_campfire
D:2:      layout_basic, nicolae_half_adder, uniq_sigmund, uniq_natasha
D:3:      layout_basic, basic_ecumenical_altar, uniq_terence
D:4:      layout_basic, serial_forest, infiniplex_forest_clump_double,
          infiniplex_forest_side_room, infiniplex_forest_straight_2,
          infiniplex_forest_lined_room_2, infiniplex_forest_end_1,
          infiniplex_forest_clump_medium, kennysheep_diamond
D:5:      layout_rooms

Skill      XL: |  1  2  3  4  5  6  7  8 |
---------------+-------------------------+-----
Armour         | 2 |  2.1
Ranged Weapons | 5 6 8 9 |  9.5
Fighting       | 3 5 6 |  6.0
Dodging        | 2 |  2.0
Stealth        | |  1.1

Action                     |  1- 3 |  4- 6 |  7- 9 || total
---------------------------+-------+-------+-------++-------
   Fire: Shortbow          |    55 |   125 |   184 ||   364
    Use: Scroll            |     2 |     6 |     8 ||    16
         Potion            |       |     1 |     1 ||     2
 Armour: Leather armour    |     5 |       |       ||     5
         Ring mail         |    13 |    38 |    70 ||   121
         Skin              |       |     1 |       ||     1
         Robe              |       |     2 |    32 ||    34
  Dodge: Dodged            |    12 |    31 |    79 ||   122

Table legend:
 A = Non-vault XP
 B = Vault XP
 C = Vault XP percentage of total XP
 D = Non-vault monster count
 E = Vault monster count
 F = Vault count percentage of total count
                 A         B        C        D         E       F
            +---------+---------+-------+---------+---------+-------
      Total |    1600 |     373 |  18.9 |      94 |       7 |   6.9
            +---------+---------+-------+---------+---------+-------
        D:1 |      23 |       0 |   0.0 |      12 |       0 |   0.0
        D:2 |     240 |     306 |  56.0 |      25 |       5 |  16.7
        D:3 |      28 |      32 |  53.3 |      14 |       1 |   6.7
        D:4 |    1011 |      35 |   3.3 |      34 |       1 |   2.9
        D:5 |     298 |       0 |   0.0 |       9 |       0 |   0.0
            +---------+---------+-------+---------+---------+-------
